AoeStats
← Wandervogel

Marketplace

504820028Analyzed
1v1 RM · 27d ago on Sep 6, 2026· 28m 29s· 2 players
Game mode
Random Map
Map size
Tiny (2 player)
Population
200
Speed
Normal
Resources
Standard
Victory
Conquest
Starting age
Dark Age
Ending age
Imperial Age
RankedLock teamsTeams togetherTeam positionsShared explorationLock speedFull tech treeHidden civsTurbo modeCheats
Victory
Defeat
🇬🇧 Bulgarians · United Kingdom
758
+18
🇧🇷 Franks · Brazil
800
-29
Wandervogel
3:40 Loom
11:06 Feudal Age
18:17 Bloodlines
19:16 Wheelbarrow
18:38 Horse Collar
19:36 Forging
20:00 Double-Bit Axe
22:26 Padded Archer Armor
23:05 Arson
24:03 Scale Mail Armor
27:40 Castle Age
28:58 Iron Casting
mizael.zimbros
12:27 Feudal Age
19:57 Double-Bit Axe
24:47 Castle Age
22:38 Man-at-Arms
25:06 Loom
Connection lost

Rejoining the realm…

Still unreachable

The connection could not be restored.

Session expired

The server has moved on; the page needs a fresh start.